 Dungeon Crawl Stone Soup version 0.31-a0-489-g282fc92437 (webtiles) character file.

Game seed: 18426373568762261269

296 Ethylacetat the Chiller (level 6, -9/42 HPs)
             Began as an Octopode Ice Elementalist on Aug 8, 2023.
             Mangled by an ogre
             ... wielding a +0 giant club
              (30 damage)
             ... on level 4 of the Dungeon.
             The game lasted 00:05:40 (2858 turns).

Ethylacetat the Chiller (Octopode Ice Elementalist) Turns: 2858, Time: 00:05:41

Health: -9/42      AC:  7    Str:  7    XL:     6   Next: 35%
Magic:  5/11       EV: 13    Int: 19    God:
Gold:   239        SH:  0    Dex: 13    Spells: 5/12 levels left

rFire   . . .        p - +3 short sword (venom)
rCold   . . .        (no shield)
rNeg    . . .        (helmet restricted)
rPois   .            b - amulet of regeneration
rElec   .            (no ring)
rCorr   .            (no ring)
SInv    .            (no ring)
Will    .....        (no ring)
Stlth   +++          (no ring)
HPRegen 1.07/turn    (no ring)
MPRegen 0.12/turn    (no ring)
                     (no ring)

%: no passive effects
@: ice-armoured, freezing walls
A: almost no armour, amphibious, 8 rings, camouflage 1, gelatinous body 1,
(nimble swimmer 1), tentacles
a: no special abilities


You were on level 4 of the Dungeon.
You visited 1 branch of the dungeon, and saw 4 of its levels.

You collected 239 gold pieces.

Inventory:

Hand Weapons
 j - a +1 dagger of holy wrath
 p - a +3 short sword of venom (weapon)
Jewellery
 b - an amulet of regeneration (around mantle)
Scrolls
 e - 4 scrolls of teleportation {unknown}
 f - 3 scrolls of vulnerability {unknown}
 i - 2 scrolls of identify {unknown}
 o - a scroll of blinking {unknown}
Potions
 a - a potion of magic
 c - 2 potions of curing {unknown}
 d - a potion of brilliance {unknown}
 g - 3 potions of enlightenment {unknown}
 h - 2 potions of attraction {unknown}
 k - 2 potions of mutation {unknown}
 l - a potion of cancellation {unknown}
 m - 4 potions of degeneration {unknown}
 n - 3 potions of heal wounds {unknown}


   Skills:
 + Level 3.4 Fighting
 - Level 2.0 Dodging
 - Level 2.6 Stealth
 + Level 3.7 Spellcasting
 + Level 5.3 Ice Magic


You had 5 spell levels left.
You knew the following spells:

 Your Spells              Type           Power      Damage    Failure   Level
a - Freeze                Ice            92%        1d9       1%          1
b - Frozen Ramparts       Ice            46%        1d7       4%          3
c - Ozocubu's Armour      Ice            23%        N/A       4%          3

Your spell library contained the following spells:

 Spells                   Type           Power      Damage    Failure   Level
 Summon Ice Beast         Ice/Summ       13%        N/A       43%         4


Dungeon Overview and Level Annotations

Branches:
Dungeon (4/15)
 Temple: D:4-7

Altars:

Shops:
D:4 =


Innate Abilities, Weirdness & Mutations

You cannot wear most types of armour.
You are amphibious.
You can wear up to eight rings at the same time.
Your skin changes colour to match your surroundings (Stealth+).
Your rubbery body absorbs attacks. (AC +1, EV +1)
((You are camouflaged when in or above water. (Stealth+)))
You have tentacles for arms and can constrict up to eight enemies at once.


Message History

Your icy armour evaporates.
Found Uttebiu's Jewellery Emporium.
Found a stone staircase leading down.
Found a stone staircase leading down.
There is a stone staircase leading down here.
A quokka comes into view.
A quokka is nearby!
An endoplasm comes into view.
The helpless quokka fails to defend itself.
You hit the quokka.
You kill the quokka!
The helpless endoplasm fails to defend itself.
You puncture the endoplasm!
You kill the endoplasm!
No target in view!
Found a ring mail.
No target in view!
No target in view!
You see here a +0 ring mail.
An ogre comes into view. It is wielding a +0 giant club.
The ogre shouts!
An ogre is nearby!
The ogre hits you with a +0 giant club!!
Ouch! That really hurt!
You are too injured to fight recklessly!
You are too injured to fight recklessly!
Casting: Frozen Ramparts (dangerous; 4% risk of failure)
Confirm with . or Enter, or press ? or * to list all spells.
Casting: Frozen Ramparts (dangerous; 4% risk of failure)
Press: ? - help, Dir - look around, f - activate The walls around you are covered in ice.
The wall freezes the ogre.
The ogre closely misses you.
Casting: Frozen Ramparts (dangerous; 4% risk of failure)
Confirm with . or Enter, or press ? or * to list all spells.
A film of ice covers your body!
You barely miss the ogre. You squeeze the ogre!
The ogre is moderately wounded.
The wall freezes the ogre.
The ogre hits you with a +0 giant club!!
Ouch! That really hurt!
You die...

#....##
#.....#
##...##
#[.##
#.##
#.#####
#.#...##
#..###.##
#.## ##@#
#.## ##O#
#. ... #.
.#... ##
###...#
#.## ##


You could see an ogre.

Vanquished Creatures
  A black bear (D:4)
  A hound (D:4)
  An orc wizard (D:3)
  2 adders (D:3)
  3 gnolls (D:4)
  3 worms
  A dart slug (D:4)
  7 orcs
  7 endoplasms
  5 giant cockroaches
  4 hobgoblins
  4 jackals (D:4)
  6 kobolds
  7 quokkas
  4 ball pythons
  9 bats
  2 frilled lizards
  8 goblins
  5 rats
80 creatures vanquished.

Notes
Turn   | Place    | Note
-------+----------+-------------------------------------------
     0 | D:1      | Ethylacetat the Octopode Ice Elementalist began the quest
                  | for the Orb.
     0 | D:1      | Reached XP level 1. HP: 11/11 MP: 3/3
   208 | D:1      | Reached XP level 2. HP: 18/18 MP: 5/5
   281 | D:1      | Reached skill level 1 in Fighting
   918 | D:2      | Reached XP level 3. HP: 23/23 MP: 6/6
   922 | D:2      | Learned a level 3 spell: Frozen Ramparts
  1168 | D:2      | Learned a level 3 spell: Ozocubu's Armour
  1227 | D:2      | Identified the +8 glaive "Spiderslayer" {flame, rC+ rN++
                  | Str+6}
  1414 | D:2      | Found a faded altar of an unknown god.
  1745 | D:3      | Reached XP level 4. HP: 24/29 MP: 6/8
  2162 | D:3      | Reached XP level 5. HP: 35/35 MP: 9/9
  2537 | D:4      | Reached skill level 5 in Ice Magic
  2713 | D:4      | Noticed a black bear
  2722 | D:4      | Killed a black bear
  2723 | D:4      | Reached XP level 6. HP: 34/42 MP: 4/11
  2779 | D:4      | Found Uttebiu's Jewellery Emporium.
  2858 | D:4      | Mangled by an ogre

Illustrated notes

Levels and vault maps discovered:
D:1:      minmay_arrival_open_corners, layout_basic, hex_tiny,
          roderic_lattice_a, minmay_tetromino_t2
D:2:      layout_basic, hellmonk_ecumenical_altar_prayer_group
D:3:      layout_loops_ring
D:4:      layout_loops_corners, nicolae_ru_path_of_blood,
          minmay_temple_entry_tees, serial_shops, nicolae_take_the_stairs,
          dreamdust_gnoll_farm

Skill      XL: |  1  2  3  4  5 |
---------------+----------------+-----
Fighting       | 1 2 3 |  3.4
Spellcasting   | 3 |  3.7
Ice Magic      | 5 |  5.3
Dodging        | |  2.0
Stealth        | |  2.6

Action                     |  1- 3 |  4- 6 || total
---------------------------+-------+-------++-------
  Melee: Unarmed           |     8 |       ||     8
         Dagger            |    74 |    49 ||   123
         Constrict         |    20 |    14 ||    34
         Tentacles         |    18 |    12 ||    30
         Punch             |     1 |     2 ||     3
         Short sword       |       |    27 ||    27
   Cast: Frozen Ramparts   |     2 |     6 ||     8
         Ozocubu's Armour  |       |     4 ||     4
   Stab: Sleeping          |    13 |    12 ||    25
 Armour: Skin              |     7 |    14 ||    21
  Dodge: Dodged            |    43 |    45 ||    88

Table legend: (Time is in decaauts)
 A = Elapsed time spent in this place.
 B = Non-inter-level travel time spent in this place.
 C = Inter-level travel time spent in this place.
 D = Time resting spent in this place.
 E = Time spent auto-exploring this place.
 F = Levels seen in this place.
 G = Mean time per level.
                   A        B        C        D        E       F      G
               +--------+--------+--------+--------+--------+-----+--------+
         Total |   2855 |   2716 |    139 |     74 |   2083 |   4 |  713.8 |
       Dungeon |   2855 |   2716 |    139 |     74 |   2083 |   4 |  713.8 |
               +--------+--------+--------+--------+--------+-----+--------+

Top non-repeatable levels by time:
     D:1: 906 daAuts
     D:3: 741 daAuts
     D:2: 720 daAuts
     D:4: 487 daAuts
